 Dungeon Crawl Stone Soup version 0.16.1-18-g436b03c (webtiles) character file.

3075 Chiseanne the Nimble (level 9, -5/72 HPs)
             Began as a Demonspawn Monk on May 13, 2015.
             Was an Initiate of Gozag.
             Killed by divine providence
             ... invoked by an orc priest
              (16 damage)
             ... on level 8 of the Dungeon.
             The game lasted 00:23:08 (11222 turns).

Chiseanne the Nimble (Demonspawn Monk)             Turns: 11222, Time: 00:23:08

Health: -5/72      AC:  5    Str: 15    XL:     9   Next: 58%
Magic:  9/9        EV: 19    Int: 11    God:    Gozag
Gold:   690        SH:  6    Dex: 16    Spells: 0 memorised, 8 levels left

rFire  . . .     SeeInvis +     a - +4 short sword (venom)
rCold  . . .     Clarity  .     y - +1 robe of Stesod {Slay+3 SInv Stlth+}
rNeg   . . .     SustAb   .     i - +1 buckler
rPois  .         Gourm    .     (no helmet)
rElec  .         Spirit   .     (no cloak)
rCorr  +         Warding  .     (no gloves)
rMut   .         Stasis   .     (no boots)
MR     .....                    x - amulet of resist corrosion
Stlth  +++.......               (no ring)
                                h - ring of wizardry

@: not resistant to hostile enchantments, fairly stealthy
A: talons 1, yellow scales 1, powered by death 1, spiny 1
a: Potion Petition, Call Merchant, Bribe Branch, Renounce Religion


You were on level 8 of the Dungeon.
You worshipped Gozag.
Gozag was noncommittal.
You were full.

You visited 1 branch of the dungeon, and saw 8 of its levels.

You collected 1422 gold pieces.
You spent 732 gold pieces at shops.

Inventory:

Hand weapons
 a - a +4 short sword of venom (weapon)
 s - a +2 whip of flaming
 w - a +0 blowgun
Missiles
 b - 3 tomahawks of returning (quivered)
 e - a throwing net
 g - 31 sling bullets
 m - 52 bolts
 o - 97 arrows
 u - 37 poisoned needles
 B - 22 poisoned sling bullets
 C - 6 needles of frenzy
 K - 2 tomahawks
Armour
 i - a +1 buckler (worn)
 y - the +1 robe of Stesod (worn) {Slay+3 SInv Stlth+}
   (You found it on level 4 of the Dungeon)

   It affects your accuracy and damage with ranged weapons and melee attacks
   (+3).
   It enhances your eyesight.
   It makes you more stealthy.
 M - a +1 large shield
Jewellery
 h - a ring of wizardry (left hand)
 x - an amulet of resist corrosion (around neck)
Magical devices
 F - a wand of lightning (8)
 H - a wand of digging (4)
 O - a wand of confusion (35)
Scrolls
 l - a scroll of blinking
 p - 5 scrolls of teleportation
 q - 2 scrolls of fear
 r - 2 scrolls of remove curse
 z - a scroll of fog
 E - a scroll of recharging
 N - a scroll of identify
Potions
 c - 4 potions of curing
 d - 3 potions of might
 j - a potion of magic
 k - a potion of invisibility {unknown}
 n - 2 potions of flight
 t - a potion of ambrosia
 v - 2 potions of cancellation
 A - a potion of restore abilities
 D - a potion of cure mutation {unknown}
 J - a potion of berserk rage
Comestibles
 f - 5 meat rations
 G - 3 bread rations
 I - 7 slices of pizza
 L - a beef jerky


   Skills:
 * Level 7.0 Fighting
 - Level 2.5 Armour
 * Level 9.6 Dodging
 - Level 1.7 Stealth
 * Level 4.8 Shields
 - Level 3.6 Unarmed Combat


You had 8 spell levels left.
You didn't know any spells.

Dungeon Overview and Level Annotations

Branches:
Dungeon (8/15)             Temple (0/1) D:5
   Lair: D:8-11

Altars:
Cheibriados
Elyvilon
Fedhas
Gozag
Ru
Sif Muna

Shops:
D:5 ?


Innate Abilities, Weirdness & Mutations

You have sharp toenails.
You are partially covered in yellow scales (AC +2).
You can steal the life force of nearby defeated enemies.
You are partially covered in sharp spines.


Message History

The orc warrior hits you with a battleaxe!!
You closely miss the orc priest.
You claw the orc priest, but do no damage.
The orc priest hits you with a dagger.
You hit the orc priest. Your kick misses the orc priest.
The orc priest is moderately wounded.
The orc wizard closely misses you.
The orc warrior hits you with a battleaxe!!
The orc priest closely misses you. You block the orc warrior's attack.
The orc priest mumbles some strange prayers to Beogh against you.
Something smites you!
* * * LOW HITPOINT WARNING * * *
The orc priest becomes somewhat translucent.
You kill the orc warrior!
There is a stone staircase leading down here.
The orc priest mumbles some strange prayers to Beogh against you.
Something smites you!
You die...
Your body crumbles into a pile of gold.

#.).. #.... #....
#.... #..(. #####
#.... ...# ######....
######.#####....#....
#...@.$.........'....
#.##.#..o.##....#....
#.####.##########.
#...o.............
##.#o#..##########
.#.##$# # ##. .# # ##
## # #


You could see an orc priest.

Vanquished Creatures
  Pikel (D:6)
  Prince Ribbit (D:7)
  A human (D:7)
  Edmund (D:6)
  A water moccasin (D:7)
  2 orc warriors
  5 ogres
  A slave (D:6)
  2 centaurs (D:7)
  Blork the orc (D:5)
  3 giant frogs (D:7)
  A scorpion (D:8)
  A quasit (D:5)
  A goliath beetle (D:7)
  A jelly (D:7)
  A crimson imp (D:6)
  3 orc priests
  5 hounds
  A giant frog skeleton (D:6)
  2 iguanas (D:7)
  8 worker ants
  2 orc wizards
  4 sheep (D:7)
  Jessica (D:3)
  A hound skeleton (D:8)
  A worker ant zombie (D:6)
  13 adders
  10 gnolls
  4 worms
  2 shadow imps
  An adder skeleton (D:8)
  An adder zombie (D:7)
  25 orcs
  3 bat skeletons
  A bat zombie (D:5)
  4 giant cockroaches
  7 goblins
  11 hobgoblins
  12 jackals
  6 quokkas
  14 bats
  5 giant geckos
  A giant gecko zombie (D:5)
  5 giant newts
  15 kobolds
  A quokka skeleton (D:8)
  6 rats
199 creatures vanquished.

Notes
Turn   | Place    | Note
--------------------------------------------------------------
     0 | D:1      | Chiseanne, the Demonspawn Monk, began the quest for the Orb.
     0 | D:1      | Reached XP level 1. HP: 18/18 MP: 1/1
   276 | D:1      | Gained mutation: You have sharp toenails. [demonic ancestry]
   276 | D:1      | Reached XP level 2. HP: 24/24 MP: 2/2
   622 | D:2      | Reached skill level 1 in Armour
   872 | D:2      | Found a snail-covered altar of Cheibriados.
  1008 | D:2      | Found an opulent altar of Gozag.
  1017 | D:2      | Became a worshipper of Gozag Ym Sagoz the Greedy
  1052 | D:2      | Gained mutation: You are partially covered in yellow scales (AC +2). [demonic ancestry]
  1052 | D:2      | Reached XP level 3. HP: 12/29 MP: 3/3
  1334 | D:2      | Found a sacrificial altar of Ru.
  2267 | D:3      | Reached XP level 4. HP: 28/35 MP: 4/4
  2516 | D:3      | Reached skill level 1 in Shields
  3150 | D:3      | Noticed Jessica
  3165 | D:3      | Killed Jessica
  3363 | D:3      | Gained mutation: You are partially covered in sharp spines. [demonic ancestry]
  3363 | D:3      | Reached XP level 5. HP: 30/42 MP: 5/5
  4535 | D:4      | Reached skill level 4 in Fighting
  4563 | D:4      | Found a white marble altar of Elyvilon.
  4692 | D:4      | Got a smoking robe
  5000 | D:5      | Entered Level 5 of the Dungeon
  5462 | D:4      | Reached XP level 6. HP: 44/48 MP: 6/6
  5681 | D:4      | Identified the +1 robe of Stesod {Slay+3 SInv Stlth+} (You found it on level 4 of the Dungeon)
  5911 | D:5      | Found Icariab's Distillery.
  5914 | D:5      | Bought a potion of curing for 36 gold pieces
  5914 | D:5      | Bought a potion of curing for 36 gold pieces
  5914 | D:5      | Bought a potion of cancellation for 96 gold pieces
  5914 | D:5      | Bought a potion of brilliance for 48 gold pieces
  5914 | D:5      | Bought a potion of lignification for 36 gold pieces
  5914 | D:5      | Bought a potion of restore abilities for 60 gold pieces
  5914 | D:5      | Bought a potion of degeneration for 12 gold pieces
  5914 | D:5      | Bought a potion of curing for 36 gold pieces
  5914 | D:5      | Bought a potion of curing for 36 gold pieces
  5914 | D:5      | Bought a potion of curing for 36 gold pieces
  6151 | D:5      | Found Safaujuc's Magic Scroll Emporium.
  6173 | D:5      | Bought a scroll of blinking for 90 gold pieces
  6173 | D:5      | Bought a scroll of fear for 42 gold pieces
  6173 | D:5      | Bought a scroll of fog for 24 gold pieces
  6643 | D:5      | Noticed an ogre
  6668 | D:5      | Noticed an ogre
  6686 | D:5      | Killed an ogre
  6686 | D:5      | Reached skill level 5 in Dodging
  6836 | D:5      | Found a staircase to the Ecumenical Temple.
  6994 | D:5      | Reached XP level 7. HP: 55/55 MP: 7/7
  7199 | D:5      | Noticed an ogre
  7204 | D:5      | Noticed Blork the orc
  7217 | D:5      | Killed an ogre
  7316 | D:5      | Killed Blork the orc
  7779 | D:5      | Bought a scroll of identify for 24 gold pieces
  7779 | D:5      | Bought a scroll of identify for 24 gold pieces
  7779 | D:5      | Bought a scroll of identify for 24 gold pieces
  7779 | D:5      | Bought a scroll of remove curse for 36 gold pieces
  7779 | D:5      | Bought a scroll of teleportation for 36 gold pieces
  7857 | D:6      | Noticed Edmund
  7866 | D:6      | Killed Edmund
  7866 | D:6      | Reached skill level 5 in Fighting
  7866 | D:6      | Reached skill level 6 in Dodging
  8479 | D:6      | Found a deep blue altar of Sif Muna.
  8614 | D:6      | Noticed Pikel
  8629 | D:6      | Killed Pikel
  8629 | D:6      | Reached skill level 7 in Dodging
  8629 | D:6      | Gained mutation: You can steal the life force of nearby defeated enemies. [demonic ancestry]
  8629 | D:6      | Reached XP level 8. HP: 49/64 MP: 8/8
  8984 | D:7      | Noticed Prince Ribbit
  9003 | D:7      | Killed Prince Ribbit
  9003 | D:7      | Reached skill level 8 in Dodging
  9285 | D:7      | Found an opulent altar of Gozag.
  9309 | D:7      | Found a blossoming altar of Fedhas.
  9617 | D:7      | Reached XP level 9. HP: 71/71 MP: 9/9
 10518 | D:7      | Reached skill level 9 in Dodging
 11036 | D:8      | Identified a +0 rod of inaccuracy (10/10) (You found it on level 8 of the Dungeon)
 11222 | D:8      | Killed from afar by an orc priest

Action                   |  1- 3 |  4- 6 |  7- 9 || total
-------------------------+-------+-------+-------++-------
Melee: Unarmed           |   138 |   345 |    49 ||   532
       Short sword       |       |       |   252 ||   252
       Whip              |       |       |     4 ||     4
 Fire: Blowgun           |       |       |     9 ||     9
Throw: Tomahawk          |       |       |     3 ||     3
Evoke: Wand              |       |     1 |     2 ||     3
  Use: Scroll            |       |     8 |    10 ||    18
       Potion            |       |     2 |     3 ||     5
 Stab: Sleeping          |       |     5 |     9 ||    14
       Distracted        |       |       |     3 ||     3
  Eat: Beef jerky        |     2 |       |     4 ||     6
       Bread ration      |     1 |     3 |     1 ||     5
       Royal jelly       |       |     1 |     1 ||     2
       Pizza             |       |       |     2 ||     2
